 Dungeon Crawl Stone Soup version 0.24-a0-375-g4de66ed (webtiles) character file.

Game seed: 6831106087162535254

7 MatthieuS the Gusty (level 2, -1/15 HPs)
             Began as a Tengu Air Elementalist on May 30, 2019.
             Slain by a hobgoblin (4 damage)
             ... on level 1 of the Dungeon.
             The game lasted 00:01:46 (113 turns).

MatthieuS the Gusty (Tengu Air Elementalist)         Turns: 113, Time: 00:01:47

Health: -1/15      AC:  2    Str:  8    XL:     2   Next: 0%
Magic:  3/6        EV: 12    Int: 15    God:
Gold:   0          SH:  0    Dex: 14    Spells: 4/5 levels left

rFire    . . .     SeeInvis .   (no weapon)
rCold    . . .     Gourm    .   (no shield)
rNeg     . . .     Faith    .   a - +0 robe
rPois    .         Spirit   .   (helmet restricted)
rElec    .         Reflect  .   (no cloak)
rCorr    .         Harm     .   (no gloves)
MR       .....                  (boots unavailable)
Stlth    ++........             (no amulet)
HPRegen  0.05/turn              (no ring)
MPRegen  0.10/turn              (no ring)

@: no status effects
A: beak, talons 3
a: no special abilities


You were on level 1 of the Dungeon.
You were not hungry.

You visited 1 branch of the dungeon, and saw 1 of its levels.

Inventory:

Armour
 a - a +0 robe (worn)
Scrolls
 b - a scroll of magic mapping {unknown}
Comestibles
 e - a ration


   Skills:
 - Level 2.1 Dodging
 - Level 2.0 Stealth
 * Level 2.2 Spellcasting
 + Level 1.7 Conjurations
 + Level 4.1 Air Magic


You had 4 spell levels left.
You knew the following spells:

 Your Spells              Type           Power        Failure   Level  Hunger
a - Shock                 Conj/Air       ##..         6%          1    #......

Your spell library contained the following spells:

 Spells                   Type           Power        Failure   Level  Hunger
 Swiftness                Chrm/Air       #.......     14%         2    ###....
 Static Discharge         Conj/Air       ##......     19%         3    ###....
 Airstrike                Air            ##........   36%         4    #####..
 Lightning Bolt           Conj/Air       ##........   87%         5    ######.


Dungeon Overview and Level Annotations

Branches:
Dungeon (1/15)

Altars:


Innate Abilities, Weirdness & Mutations

You have a beak for a mouth.
You have claws for feet.


Message History

You see here a scroll labeled HAHIKHL NUOGG.
b - a scroll labeled HAHIKHL NUOGG The rat bites you but does no damage.
Your magical contamination has completely faded away.
The leopard gecko hisses menacingly.
The zap hits the rat.
You kill the rat!
The zap misses the hobgoblin.
The zap hits the giant cockroach but does no damage.
The zap hits the hobgoblin.
The zap hits the hobgoblin.
The zap hits the leopard gecko.
The zap hits the giant cockroach.
The zap misses the hobgoblin.
The hobgoblin hits you but does no damage.
You don't have enough magic to cast that spell.
You barely miss the hobgoblin. Your kick misses the hobgoblin.
Your peck misses the hobgoblin. The hobgoblin closely misses you.
You hit the hobgoblin but do no damage. You claw the hobgoblin.
You kill the hobgoblin!
The leopard gecko closely misses you.
The zap misses the leopard gecko.
The zap hits the leopard gecko.
The zap misses the rat.
The leopard gecko bites you. The leopard gecko closely misses you.
The leopard gecko bites you.
The leopard gecko bites you but does no damage.
The leopard gecko bites you.
You miscast Shock.
You are very lightly contaminated with residual magic.
Nothing appears to happen.
The leopard gecko bites you.
* * * LOW HITPOINT WARNING * * *
The zap hits the leopard gecko.
You kill the leopard gecko!
The zap hits the rat.
You closely miss the rat. Your kick misses the rat.
You hit the rat but do no damage. Your peck misses the rat.
The rat barely misses you.
You closely miss the rat. You claw the rat.
You kill the rat!
The giant cockroach misses you. The giant cockroach bites you.
* * * LOW HITPOINT WARNING * * *
The giant cockroach bites you.
* * * LOW HITPOINT WARNING * * *
The zap hits the giant cockroach.
You kill the giant cockroach!
You have reached level 2!
The hobgoblin hits you.
* * * LOW HITPOINT WARNING * * *
Your magical contamination has completely faded away.
The hobgoblin hits you.
You die...

#..#.##...####
#.##?.....#
#.#.......#
######...##....#
#..............#
#†##########r###
#.# #.##
#.##########..#
#...@g.r......#
#.............#
#....##'##)...#
#...##...##...#
#...#..<..#...#
#...##...##...#
#....##+##....#
#..... ....#
#...... .#


You could see a hobgoblin and a rat.

Vanquished Creatures
  A leopard gecko (D:1)
  A giant cockroach (D:1)
  A hobgoblin (D:1)
  A kobold (D:1)
  2 rats (D:1)
6 creatures vanquished.

Notes
Turn   | Place    | Note
-------+----------+-------------------------------------------
     0 | D:1      | MatthieuS the Tengu Air Elementalist began the quest for
                  | the Orb.
     0 | D:1      | Reached XP level 1. HP: 10/10 MP: 4/4
    92 | D:1      | Reached XP level 2. HP: 4/15 MP: 0/6
   113 | D:1      | Slain by a hobgoblin

Levels and vault maps discovered:
D:1:      dpeg_arrival_shelter, layout_basic, minmay_tetromino_s4

Action                   || total
-------------------------++-------
Melee: Unarmed           ||     5
       Kick              ||     2
 Cast: Shock             ||     9
Armor: Robe              ||     3
Dodge: Dodged            ||    11

Table legend:
 A = Non-vault XP
 B = Vault XP
 C = Vault XP percentage of total XP
 D = Non-vault monster count
 E = Vault monster count
 F = Vault count percentage of total count
                 A         B        C        D         E       F
            +---------+---------+-------+---------+---------+-------
      Total |       9 |       1 |  10.0 |       5 |       1 |  16.7
            +---------+---------+-------+---------+---------+-------
        D:1 |       9 |       1 |  10.0 |       5 |       1 |  16.7
            +---------+---------+-------+---------+---------+-------
